 Dungeon Crawl Stone Soup version 0.22.1-2-g9c5b331383 (webtiles) character file.

37436 Gargoyl the Protected (level 13, -8/107 HPs)
             Began as a Centaur Abyssal Knight on Dec 25, 2018.
             Was a Priest of Lugonu.
             Mangled by a tentacled starspawn (21 damage)
             ... on level 1 of the Abyss on Dec 26, 2018.
             The game lasted 00:40:40 (30449 turns).

Gargoyl the Protected (Centaur Abyssal Knight)     Turns: 30449, Time: 00:40:41

Health: -8/107     AC: 17    Str: 16    XL:     13   Next: 58%
Magic:  30/30      EV:  4    Int: 11    God:    Lugonu [***...]
Gold:   914        SH: 14    Dex: 13    Spells: 12/12 levels left

rFire    + . .     SeeInvis .   h - +2 whip (elec)
rCold    . . .     Gourm    .   y - +4 shield
rNeg     . . .     Faith    .   G - +0 plate armour
rPois    .         Spirit   .   (helmet restricted)
rElec    .         Reflect  .   q - +0 cloak
rCorr    .         Harm     .   p - +1 pair of gloves
MR       +....                  (no barding)
Stlth    ..........             (no amulet)
HPRegen  0.27/turn              I - ring of magical power (curse)
MPRegen  0.22/turn              g - ring of protection from magic

@: very quick
A: large, hooves 3, horns 2, deformed body, fire resistance 1, speed 2, tough
skin 3
a: Depart the Abyss, Bend Space, Banish, Renounce Religion


You were on level 1 of the Abyss.
You worshipped Lugonu.
Lugonu was most pleased with you.
You were hungry.

You visited 2 branches of the dungeon, and saw 18 of its levels.
You visited the Abyss 2 times.

You collected 1068 gold pieces.
You spent 154 gold pieces at shops.

Inventory:

Hand Weapons
 a - a +1 vampiric hand axe
 h - a +2 whip of electrocution (weapon)
 i - a +0 whip of draining
 C - a +1 antimagic whip
 E - a +3 war axe
 L - the +4 falchion of Beyturas {flame, Dex+4 Stlth+}
   (You found it on level 4 of the Lair of Beasts)

   It has been specially enchanted to burn those struck by it, causing extra
   injury to most foes and up to half again as much damage against particularly
   susceptible opponents.
   Big, fiery blades are also staple armaments of hydra-hunters.
   It affects your dexterity (+4).
   It makes you more stealthy.
Missiles
 o - 6 javelins (quivered)
Armour
 p - a +1 pair of gloves (worn)
 q - a +0 cloak (worn)
 y - a +4 shield (worn)
 G - a +0 plate armour (worn)
 H - the +0 helmet of Sif Muna's Reproof {Dex+2}
   (You found it on level 12 of the Dungeon)

   It affects your dexterity (+2).
Jewellery
 g - a ring of protection from magic (right hand)
 k - an uncursed ring of flight
 A - an uncursed ring of stealth
 I - a cursed ring of magical power (left hand)
Wands
 b - a wand of enslavement (27)
 j - a wand of polymorph (8)
 s - a wand of acid (7)
 w - a wand of iceblast (13)
 J - a wand of flame (22)
Scrolls
 f - 12 scrolls of identify
 l - 2 scrolls of amnesia
 n - 5 scrolls of magic mapping
 r - 8 scrolls of remove curse
 u - 8 scrolls of teleportation
 v - 3 scrolls of fog
 N - a scroll of blinking
Potions
 e - 2 potions of flight
 m - a potion of brilliance
 t - 3 potions of resistance
 x - 2 potions of magic
 z - 3 potions of lignification
 B - a potion of might
 D - 5 potions of curing
 F - 3 potions of agility
 K - 2 potions of ambrosia
Comestibles
 c - 29 rations


   Skills:
 + Level 7.7 Fighting
 + Level 2.1 Long Blades
 + Level 4.4(6.7) Axes
 + Level 7.9(8.4) Maces & Flails
 + Level 2.8 Throwing
 * Level 11.4 Armour
 + Level 2.4 Dodging
 + Level 6.7 Shields
 * Level 11.3 Invocations


You had 12 spell levels left.
You didn't know any spells.
Your spell library contained the following spells:

 Spells                   Type           Power        Failure   Level  Hunger
 Confusing Touch          Hex            #.....       100%        1    ##.....
 Corona                   Hex            #......      100%        1    ##.....
 Flame Tongue             Conj/Fire      #....        100%        1    ##.....
 Infusion                 Chrm           #...         100%        1    ##.....
 Ensorcelled Hibernation  Hex/Ice        #.....       100%        2    ###....
 Shroud of Golubria       Chrm/Tloc      #.........   100%        2    ###....
 Song of Slaying          Chrm           #.......     100%        2    ###....
 Throw Flame              Conj/Fire      #.....       100%        2    ###....
 Confuse                  Hex            #.......     100%        3    ####...
 Conjure Flame            Conj/Fire      #.......     100%        3    ####...
 Dazzling Spray           Conj/Hex       #.....       100%        3    ####...
 Gell's Gravitas          Tloc           #.........   100%        3    ####...
 Inner Flame              Hex/Fire       #.......     100%        3    ####...
 Regeneration             Chrm/Necr      #.........   100%        3    ####...
 Spectral Weapon          Hex/Chrm       #.......     100%        3    ####...
 Tukima's Dance           Hex            #.......     100%        3    ####...
 Petrify                  Tmut/Erth      #.......     100%        4    #####..
 Sticky Flame             Conj/Fire      #.......     100%        4    #####..
 Fireball                 Conj/Fire      #.........   100%        5    ######.
 Metabolic Englaciation   Hex/Ice        #.........   100%        5    ######.
 Yara's Violent Unravell  Hex/Tmut       #.........   100%        5    ######.


Dungeon Overview and Level Annotations

Branches:
Dungeon (12/15)            Temple (0/1) D:5            Lair (6/6) D:8
  Swamp (0/4) Lair:2        Snake (0/4) Lair:4          Orc (0/2) D:12
  Slime: Lair:5-6

Altars:
Cheibriados
Dithmenos
Fedhas
Gozag
Kikubaaqudgha
Nemelex Xobeh
Okawaru
Uskayaw
Wu Jian
Jiyva

Shops:
D:8 %   D:9 *

Annotations:
D:10 exclusion: obsidian statue
D:11 2 transporters, chronatog's ghost, novice HOMo


Innate Abilities, Weirdness & Mutations

You have hooves in place of feet.
Armour fits poorly on your strangely shaped body.
You cover ground very quickly.
You have extremely tough skin. (AC +3)
You have a pair of horns on your head.
Your flesh is heat resistant. (rF+)


Message History

The tentacled starspawn is moderately damaged.
You block the tentacled starspawn's attack. x2
Unknown command.
You completely miss the tentacled starspawn.
You kick the tentacled starspawn.
Your headbutt misses the tentacled starspawn.
The tentacled starspawn is moderately damaged.
Unknown command.
You hit the tentacled starspawn but do no damage.
You kick the tentacled starspawn, but do no damage.
The tentacled starspawn is moderately damaged.
The tentacled starspawn bites you.
* * * LOW HITPOINT WARNING * * *
The tentacled starspawn engulfs you but does no damage.
Unknown command.
You barely miss the tentacled starspawn.
You kick the tentacled starspawn.
The tentacled starspawn is heavily damaged.
The tentacled starspawn bites you!!
You die...

. .
#..#
#.∩
#
##..
. #
...
# ..
.
w##
..
#X#
#
#@#
###


You could see a tentacled starspawn and a starspawn tentacle.

Vanquished Creatures
  6 hydras
  A two-headed ogre (D:10)
  A deep elf mage (D:12)
  2 cyclopes (D:12)
  5 elephants (Lair:5)
  A black mamba (Lair:4)
  13 spiny frogs
  3 rime drakes (Lair:6)
  8 komodo dragons
  Grinder (D:6)
  2 polar bears
  23 blink frogs
  10 hippogriffs
  A spriggan (D:8)
  23 yaks
  2 wraiths (D:11)
  2 wyverns (Lair:2)
  3 basilisks
  A hungry ghost (D:9)
  Grum (D:8)
  A large abomination (Abyss:1)
  12 porcupines
  19 water moccasins
  4 black bears
  3 orc warriors
  4 ice beasts
  5 ogres
  2 phantoms
  2 sky beasts
  An eye of draining (D:12)
  15 wolves
  4 centaurs
  13 crocodiles
  2 big kobolds
  A gnoll sergeant (D:6)
  13 bullfrogs
  A wyvern zombie (D:9)
  3 scorpions
  3 killer bees (D:7)
  3 wights (D:12)
  An electric eel (D:8)
  A bullfrog zombie (D:7)
  3 howler monkeys (D:12)
  4 crimson imps
  5 hounds
  2 quasits (D:9)
  2 jellies
  4 bullfrog skeletons
  2 orc priests
  A gnoll shaman (D:9)
  5 iguanas
  4 worker ants
  3 orc wizards
  Natasha (twice) (D:4)
  7 hell rats
  2 hound skeletons
  9 gnolls
  A worker ant zombie (D:7)
  11 adders
  2 howler monkey skeletons
  An ooze (D:1)
  An adder skeleton (D:6)
  8 worms
  4 dart slugs
  11 leopard geckos
  24 orcs
  A ball python (Lair:4)
  5 giant cockroaches
  5 hobgoblins
  3 jackals (D:11)
  15 kobolds
  5 quokkas
  10 bats
  5 frilled lizards
  8 goblins
  A quokka zombie (D:7)
  5 rats
403 creatures vanquished.

Vanquished Creatures (others)
  A black mamba (Lair:4)
  3 spiny frogs
  2 basilisks (D:8)
  A crocodile (D:8)
  An electric eel (D:8)
  A bush (Lair:6)
  14 fungi
  14 plants
  2 starspawn tentacles (Abyss:1)
39 creatures vanquished.

Grand Total: 442 creatures vanquished

Notes
Turn   | Place    | Note
-------+----------+-------------------------------------------
     0 | Abyss:1  | Gargoyl the Centaur Abyssal Knight began the quest for the
                  | Orb.
     0 | Abyss:1  | Reached XP level 1. HP: 19/19 MP: 2/2
    61 | Abyss:1  | Noticed a small abomination
    63 | Abyss:1  | Noticed a quasit
    91 | Abyss:2  | Noticed a small abomination
   118 | D:1      | Escaped the Abyss
   252 | D:1      | Reached XP level 2. HP: 22/26 MP: 3/3
   320 | D:1      | Reached * piety under Lugonu
   808 | D:2      | Reached XP level 3. HP: 17/31 MP: 4/4
  1133 | D:2      | Found an opulent altar of Gozag.
  2000 | D:3      | Reached XP level 4. HP: 9/38 MP: 5/5
  2561 | D:3      | Reached ** piety under Lugonu
  2610 | D:3      | Found an ancient bone altar of Kikubaaqudgha.
  2782 | D:3      | Found a snail-covered altar of Cheibriados.
  3197 | D:4      | Reached XP level 5. HP: 45/45 MP: 7/7
  3248 | D:4      | Reached skill level 1 in Dodging
  3354 | D:4      | Reached skill level 1 in Maces & Flails
  3590 | D:4      | Noticed Natasha
  3599 | D:4      | Killed Natasha
  3773 | D:4      | Noticed an ogre
  3793 | D:4      | Killed an ogre
  3793 | D:4      | Reached XP level 6. HP: 12/52 MP: 8/8
  4391 | D:4      | Noticed Natasha
  4398 | D:4      | Killed Natasha
  4453 | D:5      | Entered Level 5 of the Dungeon
  4467 | D:5      | Found an iron altar of Okawaru.
  4479 | D:5      | Reached XP level 7. HP: 45/58 MP: 9/9
  5401 | D:5      | Found a staircase to the Ecumenical Temple.
  5878 | D:6      | Reached XP level 8. HP: 63/66 MP: 11/11
  6120 | D:6      | Noticed Grinder
  6325 | D:6      | Paralysed by Grinder for 6 turns
  6332 | D:6      | Killed Grinder
  6332 | D:6      | Reached skill level 5 in Armour
  7251 | D:6      | Reached skill level 5 in Invocations
  7693 | D:6      | Found an ornate altar of the Wu Jian Council.
  7785 | D:6      | You fall through a shaft for 3 floors!
  7828 | D:9      | Found a blossoming altar of Fedhas.
  7970 | D:9      | Noticed a hippogriff
  7994 | D:8      | Reached skill level 1 in Shields
  8002 | D:8      | Reached *** piety under Lugonu
  8006 | D:8      | Reached XP level 9. HP: 68/73 MP: 13/13
  8022 | D:8      | Reached skill level 5 in Fighting
  8030 | D:8      | Gained mutation: Your flesh is heat resistant. (rF+)
                  | [potion of mutation]
  8030 | D:8      | Gained mutation: You have a pair of small horns on your
                  | head. [potion of mutation]
  8030 | D:8      | Gained mutation: You have a pair of horns on your head.
                  | [potion of mutation]
  8082 | D:8      | HP: 3/74 [crocodile (4)]
  9438 | D:7      | Found a shadowy altar of Dithmenos.
  9729 | D:7      | HP: 3/74 [poisoned by a killer bee]
  9737 | D:7      | HP: 2/74 [poisoned by a killer bee]
  9745 | D:7      | HP: 2/74 [poisoned by a killer bee]
 10451 | D:8      | Found Roluassigg's Food Shop.
 10944 | D:8      | Found a staircase to the Lair.
 11379 | D:9      | Reached XP level 10. HP: 73/81 MP: 15/15
 11471 | D:9      | Found Xenais's Assorted Antiques.
 11474 | D:9      | Bought a scroll of teleportation for 66 gold pieces
 11474 | D:9      | Bought a potion of might for 88 gold pieces
 11507 | D:9      | Found a sparkling altar of Nemelex Xobeh.
 11659 | D:9      | Found a transporter.
 11668 | D:9      | Found a viscous altar of Jiyva.
 11670 | D:9      | Noticed a great orb of eyes
 11670 | D:9      | Found a transporter.
 11671 | D:9      | Found the +8 storm bow {elec}
 11832 | D:9      | Found a hide-covered altar of Uskayaw.
 12444 | Lair:1   | Entered Level 1 of the Lair of Beasts
 12445 | Lair:1   | Noticed a spiny frog
 12460 | D:8      | Banished a spiny frog
 12776 | D:10     | Entered Level 10 of the Dungeon
 12887 | D:10     | Noticed a two-headed ogre
 12908 | D:10     | Killed a two-headed ogre
 12908 | D:10     | Reached skill level 5 in Maces & Flails
 13276 | D:10     | Noticed an obsidian statue
 13283 | D:10     | Noticed a rust devil
 13800 | D:11     | Got a heavily runed copper ring
 13803 | D:11     | Identified the ring "Doape" {Ice Str+2 Int+3} (You found it
                  | on level 11 of the Dungeon)
 14196 | D:11     | Found a transporter.
 14198 | D:11     | Noticed a two-headed ogre
 14198 | D:11     | Noticed chronatog's ghost (novice HOMo)
 14199 | D:11     | Found a transporter.
 14199 | D:11     | Noticed a water nymph
 14199 | D:11     | a two-headed ogre changed into a water nymph
 14202 | D:11     | Noticed a swamp dragon
 14202 | D:11     | a water nymph changed into a swamp dragon
 14205 | D:11     | a swamp dragon changed into a floating eye
 14216 | D:11     | Noticed a faun
 14216 | D:11     | a floating eye changed into a faun
 14230 | D:11     | Noticed a satyr
 14230 | D:11     | a slime creature changed into a satyr
 14234 | D:11     | Noticed a wolf spider
 14234 | D:11     | a satyr changed into a wolf spider
 14246 | D:11     | Noticed a sea snake
 14246 | D:11     | a wolf spider changed into a sea snake
 14248 | D:11     | Noticed a glowing shapeshifter
 14248 | D:11     | a sea snake changed into a glowing shapeshifter
 14250 | D:11     | Noticed a faun
 14250 | D:11     | a glowing shapeshifter changed into a faun
 14251 | D:11     | Noticed a manticore
 14251 | D:11     | a faun changed into a manticore
 14355 | D:12     | Noticed a cyclops
 14365 | D:12     | Killed a cyclops
 14854 | D:12     | Reached **** piety under Lugonu
 14877 | D:12     | Reached XP level 11. HP: 75/89 MP: 17/17
 15182 | D:12     | Noticed a five-headed hydra
 15182 | D:12     | Noticed a deep elf mage
 15193 | D:12     | Killed a five-headed hydra
 15200 | D:12     | Killed a deep elf mage
 15274 | D:12     | Found a staircase to the Orcish Mines.
 15554 | D:12     | Got a scorched helmet
 15668 | D:12     | Identified the +0 helmet of Sif Muna's Reproof {Dex+2} (You
                  | found it on level 12 of the Dungeon)
 16706 | Lair:1   | Reached skill level 1 in Throwing
 16708 | Lair:1   | Noticed Grum
 17042 | D:8      | Killed Grum
 18876 | Lair:2   | Reached skill level 5 in Shields
 19066 | Lair:2   | Found a staircase to the Swamp.
 19884 | Lair:2   | Reached XP level 12. HP: 72/97 MP: 19/19
 22172 | Lair:3   | Reached skill level 10 in Armour
 22376 | Lair:4   | Found a staircase to the Snake Pit.
 22420 | Lair:4   | Reached skill level 10 in Invocations
 22971 | Lair:4   | Got a scorched falchion
 22972 | Lair:4   | Identified the +4 falchion of Beyturas {flame, Dex+4
                  | Stlth+} (You found it on level 4 of the Lair of Beasts)
 24001 | Lair:5   | Noticed a four-headed hydra
 24011 | Lair:5   | Killed a one-headed hydra
 24190 | Lair:4   | HP: 5/100 [elephant (8)]
 25408 | Lair:5   | Reached XP level 13. HP: 84/105 MP: 20/20
 26663 | Lair:6   | Entered Level 6 of the Lair of Beasts
 27028 | Lair:6   | Reached ***** piety under Lugonu
 28167 | Lair:5   | Reached skill level 1 in Long Blades
 30434 | Abyss:1  | Noticed a tentacled starspawn
 30449 | Abyss:1  | Mangled by a tentacled starspawn

Skill      XL: |  1  2  3  4  5  6  7  8  9 10 11 12 13 |
---------------+----------------------------------------+-----
Axes           | 2 3 4 |  4.4
Armour         | 2 3 4 5 7 8 9 10 11 | 11.4
Invocations    | 3 4 5 7 8 9 10 11 | 11.3
Dodging        | 1 2 |  2.4
Maces & Flails | 1 2 3 4 5 6 7 |  7.9
Fighting       | 4 5 6 7 |  7.7
Shields        | 1 2 4 5 6 |  6.7
Throwing       | 2 |  2.8
Long Blades    | 2 |  2.1

Action                   |  1- 3 |  4- 6 |  7- 9 | 10-12 | 13-15 || total
-------------------------+-------+-------+-------+-------+-------++-------
Melee: Hand axe          |    79 |       |   207 |       |       ||   286
       Kick              |    25 |    40 |   119 |   225 |   130 ||   539
       Whip              |    45 |   187 |   369 |   946 |   154 ||  1701
       Headbutt          |       |       |    23 |   172 |    79 ||   274
       Falchion          |       |       |       |     6 |   176 ||   182
Throw: Javelin           |       |       |     3 |    14 |    10 ||    27
Invok: Depart the Abyss  |     1 |       |       |       |       ||     1
       Banish            |       |       |     4 |     6 |       ||    10
       Bend Space        |       |       |       |     4 |     1 ||     5
       Enter the Abyss   |       |       |       |       |     1 ||     1
Evoke: Wand              |       |       |     4 |       |       ||     4
  Use: Scroll            |     9 |     1 |     9 |    12 |     3 ||    34
       Potion            |       |     1 |     8 |     3 |     1 ||    13
  Eat: Chunk             |     1 |     8 |     8 |    19 |     6 ||    42
       Ration            |       |       |     4 |     7 |     3 ||    14
Armor: Chain mail        |   106 |   153 |   289 |    85 |       ||   633
       Leather armour    |     2 |       |       |       |       ||     2
       Skin              |       |     1 |    65 |       |       ||    66
       Plate armour      |       |       |       |   334 |   253 ||   587
Dodge: Dodged            |    48 |    44 |    50 |    79 |    67 ||   288
Block: Shield            |       |       |   144 |   571 |   318 ||  1033
       Rpst.: Falchion   |       |       |       |     1 |    11 ||    12
